 Dungeon Crawl Stone Soup version 0.27.1-3-gb3d3a73c9e (webtiles) character file.

Game seed: 9596869018467471268

198 styxcanada the Covert (level 5, -6/26 HPs)
             Began as a Spriggan Brigand on Oct 31, 2021.
             Mangled by a kobold brigand (7 damage)
             ... on level 3 of the Dungeon.
             The game lasted 00:09:12 (2463 turns).

styxcanada the Covert (Spriggan Brigand)            Turns: 2463, Time: 00:09:13

Health: -6/26      AC:  3    Str:  7    XL:     5   Next: 47%
Magic:  6/6        EV: 17    Int: 13    God:
Gold:   129        SH:  0    Dex: 17    Spells: 4/4 levels left

rFire    . . .     SeeInvis +   a - +2 dagger
rCold    . . .     Faith    .   (shield restricted)
rNeg     . . .     Spirit   .   b - +0 robe
rPois    +         Reflect  .   (helmet restricted)
rElec    .         Harm     .   c - +0 cloak
rCorr    .         Rampage  .   (gloves unavailable)
Will     .....                  (boots unavailable)
Stlth    ++++......             (no amulet)
HPRegen  0.08/turn              l - ring of poison resistance
MPRegen  0.10/turn              (no ring)

@: attractive, very quick
A: very small, no large weapons, unfitting armour, see invisible, speed 3
a: no special abilities


You were on level 3 of the Dungeon.
You visited 1 branch of the dungeon, and saw 4 of its levels.

You collected 129 gold pieces.

Inventory:

Hand Weapons
 a - a +2 dagger (weapon)
Missiles
 d - 3 poisoned darts (quivered)
 e - 2 curare-tipped darts
 p - 42 stones
Armour
 b - a +0 robe (worn)
 c - a +0 cloak (worn)
Jewellery
 l - a ring of poison resistance (left hand)
Scrolls
 f - 3 scrolls of immolation {unknown}
 h - 5 scrolls of identify {unknown}
 i - a scroll of teleportation {unknown}
 j - 2 scrolls of enchant weapon {unknown}
 m - a scroll of enchant armour {unknown}
 n - a scroll of silence {unknown}
 q - a scroll of noise {unknown}
 r - a scroll of magic mapping {unknown}
Potions
 o - a potion of lignification {unknown}


   Skills:
 + Level 2.1 Fighting
 + Level 3.4 Short Blades
 + Level 2.5 Throwing
 + Level 2.8 Dodging
 + Level 8.2 Stealth


You had 4 spell levels left.
You didn't know any spells.
Your spell library contained the following spells:

 Spells                   Type           Power      Damage    Failure   Level
 Tukima's Dance           Hex            0%         N/A       67%         3
 Animate Armour           Summ/Erth      0%         N/A       97%         4
 Passage of Golubria      Tloc           N/A        N/A       97%         4
 Blade Hands              Tmut           0%         N/A       100%        5
 Yara's Violent Unravell  Hex/Tmut       0%         3d3       100%        5
 Iron Shot                Conj/Erth      0%         9d1       100%        6


Dungeon Overview and Level Annotations

Branches:
Dungeon (4/15)
 Temple: D:4-7

Altars:


Innate Abilities, Weirdness & Mutations

You are very small and have problems with some larger weapons.
You are too small for most types of armour.
You have supernaturally acute eyesight. (SInv)
You cover ground extremely quickly. (Speed+++)


Message History

The kobold is pulled toward you!
The kobold brigand is pulled toward you!
The kobold is pulled toward you!
Throw: 6 darts (poison)
Press: ? - help, Q - select action, (/) - cycle Shift-Dir - straight line, f/p - kobold
Aim: a kobold, wielding a +0 dagger (55% to hit)
You throw a poisoned dart.
The poisoned dart completely misses the kobold brigand.
The poisoned dart hits the kobold.
The kobold is poisoned.
You feel yourself speed up.
The kobold brigand hits you with a +1 dagger of venom.
The kobold brigand hits you with a +1 dagger of venom!
* * * LOW HITPOINT WARNING * * *
You kill the kobold!
The kobold brigand is pulled toward you!
The kobold brigand is pulled toward you!
The kobold brigand is pulled toward you!
The kobold brigand throws a curare-tipped dart.
The curare-tipped dart closely misses you.
The kobold brigand is pulled toward you!
Found a purple potion.
Found a stone staircase leading down.
The kobold brigand is pulled toward you!
Throw: 5 darts (poison)
Press: ? - help, Q - select action, (/) - cycle Shift-Dir - straight line, f - kobold brigand
Aim: a kobold brigand, wielding a +1 dagger of venom and quivering curare-tipped darts (lightly wounded, 55% to hit)
You throw a poisoned dart.
The poisoned dart hits the kobold brigand.
The kobold brigand is poisoned.
The kobold brigand is lightly wounded.
The kobold brigand hits you with a +1 dagger of venom.
* * * LOW HITPOINT WARNING * * *
Throw: 4 darts (poison)
Press: ? - help, Q - select action, (/) - cycle Shift-Dir - straight line, f/p - kobold brigand
Aim: a kobold brigand, wielding a +1 dagger of venom and quivering curare-tipped darts (lightly wounded, poisoned, 55% to hit)
You throw a poisoned dart.
The poisoned dart hits the kobold brigand!
The kobold brigand looks even sicker.
The kobold brigand is lightly wounded.
The kobold brigand hits you with a +1 dagger of venom!
You die...

..((..###≈≈≈####..#
#.#
.######≈≈≈≈≈≈≈≈..##
#)# ## ≈≈≈≈≈≈≈≈..##
#)# ####≈≈≈#...#
#.# #####.#.# #)#
#.#.# #.# #...##
#.# ###...######.#
#....@K......#
#+#...########
!....... ..........
...........
.......>...#
###'###+#### ..


You could see a kobold brigand (very poisoned).

Vanquished Creatures
  A kobold brigand (D:3)
  An orc priest (D:4)
  An orc wizard (D:4)
  A hound skeleton (D:4)
  An adder (D:2)
  A worm (D:3)
  6 orcs
  2 bats
  An endoplasm (D:3)
  A giant cockroach (D:3)
  6 hobgoblins
  5 jackals (D:1)
  2 quokkas
  2 ball pythons
  2 frilled lizards
  6 goblins
  7 kobolds (D:3)
  2 rats
48 creatures vanquished.

Notes
Turn   | Place    | Note
-------+----------+-------------------------------------------
     0 | D:1      | styxcanada the Spriggan Brigand began the quest for the
                  | Orb.
     0 | D:1      | Reached XP level 1. HP: 10/10 MP: 2/2
    56 | D:1      | Reached skill level 6 in Stealth
   110 | D:1      | Reached XP level 2. HP: 5/14 MP: 3/3
  1034 | D:2      | Reached XP level 3. HP: 17/18 MP: 4/4
  1219 | D:2      | Found a faded altar of an unknown god.
  1236 | D:2      | Reached skill level 7 in Stealth
  1357 | D:2      | You fall into a shaft and drop 2 floors!
  1365 | D:4      | Reached XP level 4. HP: 22/23 MP: 5/5
  2219 | D:3      | Reached skill level 8 in Stealth
  2404 | D:3      | Noticed a kobold brigand
  2404 | D:3      | Noticed a kobold brigand
  2436 | D:3      | Killed a kobold brigand
  2437 | D:3      | Reached XP level 5. HP: 14/26 MP: 6/6
  2462 | D:3      | HP: 1/26 [kobold brigand (5)]
  2463 | D:3      | Mangled by a kobold brigand

Illustrated notes

Levels and vault maps discovered:
D:1:      lightli_arrival_quake, layout_basic, st_stairs_4
D:2:      layout_rooms, ebering_ecumenical_altar_box
D:3:      cheibrodos_thug_alley, layout_basic
D:4:      layout_basic, gammafunk_ghost_grave, kennysheep_generic_room_11,
          uniq_duvessa, uniq_crazy_yiuf_cottage

Skill      XL: |  1  2  3  4 |
---------------+-------------+-----
Stealth        | 6 7 8 |  8.2
Short Blades   | 3 |  3.4
Dodging        | 2 |  2.8
Fighting       | 2 |  2.1
Throwing       | |  2.5

Action                   |  1- 3 |  4- 6 || total
-------------------------+-------+-------++-------
Melee: Dagger            |    70 |    69 ||   139
Throw: Dart              |       |    33 ||    33
  Use: Potion            |       |     2 ||     2
 Stab: Sleeping          |    10 |     1 ||    11
Armor: Robe              |    13 |     4 ||    17
Dodge: Dodged            |    54 |    51 ||   105
